Map: Arctic Dream LE

Players

cuteburger

  • Race: Terran Terran
  • League: Platinum
  • Spawn Location: 11:00

Doubt

  • Race: Zerg Zerg
  • Spawn Location: 12:00

elegance - Winner!

  • Race: Zerg Zerg
  • League: Silver
  • Spawn Location: 5:00

ThingOne - Winner!

  • Race: Protoss Protoss
  • Spawn Location: 6:00

VOD

Have the link to the VOD?

Description

early ling spam

Time

  • Played on: Sept. 12, 2020, 5:07 a.m.
  • Length: 5:04
Show
View Real Time Build Order
Export as new Build Order

cuteburger Terran 

Build Orders: Reaper Expand 

Get SALT Encoding   

  12  0:00  SCV  
  13  0:13  SCV  
  14  0:17  Supply Depot  
  14  0:25  SCV  
  15  0:39  SCV  
  15  0:40  Barracks  
  16  0:47  Refinery  
  16  0:51  SCV  
  17  1:03  SCV  
  18  1:15  SCV  
  19  1:27  Orbital Command  
  19  1:31  Reaper  
  20  1:41  Command Center  
  20  1:53  SCV  
  21  1:55  Supply Depot  
  21  2:09  Marine  
  21  2:19  Barracks  
  21  2:24  SCV  
  21  2:27  Refinery  
  22  2:36  Barracks Tech Lab, Barracks  
  20  2:46  Command Center, SCV  
  21  2:58  SCV  
  21  3:00  Marauder  
  21  3:01  Concussive Shells  
  24  3:08  Barracks Reactor  
  24  3:14  Engineering Bay  
  24  3:24  Marine  
  24  3:25  Marine  
  26  3:29  Supply Depot  
  26  3:32  SCV  
  27  3:44  SCV, Missile Turret  
  28  3:51  Marine x3  
  28  3:52  Marauder  
  30  4:08  Factory  
  16  4:24  SCV  
  16  4:26  Marine x3  
  14  4:36  SCV  
Show
View Real Time Build Order
Export as new Build Order

Doubt Zerg 

Build Orders: Hatch First 

Get SALT Encoding   

  12  0:01  Drone  
  13  0:13  Overlord  
  13  0:17  Drone  
  14  0:31  Drone x2  
  14  0:35  Drone  
  17  0:54  Hatchery  
  16  0:57  Drone  
  16  1:03  Extractor  
  16  1:12  Spawning Pool  
  16  1:15  Drone  
  16  1:22  Drone  
  17  1:27  Drone  
  18  1:38  Drone  
  19  1:47  Drone  
  20  2:01  Queen  
  20  2:03  Overlord  
  20  2:07  Metabolic Boost  
  22  2:11  Drone x2  
  22  2:15  Queen  
  26  2:31  Drone  
  26  2:34  Zergling x2  
  26  2:35  Zergling x2  
  30  2:37  Zergling x2  
  30  2:41  Drone  
  30  2:42  Drone  
  32  3:10  Zergling x2  
  32  3:11  Zergling x6, Overlord  
  36  3:22  Lair  
  36  3:23  Extractor  
  36  3:26  Overlord  
  35  3:39  Zergling x2  
  35  3:40  Zergling x16  
  38  4:01  Extractor  
  38  4:02  Drone x3  
  40  4:07  Spine Crawler  
  38  4:22  Zergling x8  
  38  4:23  Zergling x2  
  26  4:41  Zergling x2  
  26  4:42  Zergling x12  
  31  4:51  Spine Crawler  
  30  4:54  Spire  
Show
View Real Time Build Order
Export as new Build Order

elegance Zerg - Winner!

Build Orders: Pool First 

Get SALT Encoding   

  12  0:19  Spawning Pool  
  11  0:22  Extractor  
  11  0:23  Drone  
  11  0:29  Drone  
  11  0:33  Drone  
  13  0:38  Drone  
  14  0:49  Overlord  
  14  1:07  Queen  
  14  1:09  Drone  
  17  1:13  Zergling x2  
  18  1:26  Metabolic Boost  
  18  1:29  Zergling x2  
  18  1:32  Zergling x2  
  20  1:40  Zergling x2  
  21  1:49  Overlord  
  21  2:01  Zergling x2  
  22  2:14  Zergling x2  
  23  2:21  Zergling x6  
  25  2:28  Hatchery  
  24  2:30  Zergling x2  
  25  2:41  Zergling x2  
  22  3:07  Zergling x8  
  26  3:18  Overlord  
  26  3:34  Zergling x2  
  26  3:35  Zergling x4  
  28  3:41  Queen  
  28  3:48  Zergling x4  
  31  3:54  Zergling x2  
  31  4:03  Zergling x2  
  31  4:04  Zergling x2  
  33  4:12  Zergling x2  
  33  4:13  Zergling x4  
  35  4:20  Zergling x2  
  35  4:21  Zergling x2  
  33  4:27  Zergling x4  
  33  4:34  Zergling x2  
  33  4:35  Zergling x2  
Show
View Real Time Build Order
Export as new Build Order

ThingOne Protoss - Winner!

Build Orders:  

Get SALT Encoding   

  12  0:00  Probe  
  13  0:13  Pylon  
  13  0:17  Probe  
  14  0:29  Probe  
  14  0:34  Gateway  
  15  0:42  Probe  
  16  0:46  Assimilator  
  16  0:54  Probe  
  17  0:59  Pylon  
  17  1:06  Probe  
  18  1:21  Probe  
  18  1:22  Cybernetics Core  
  19  1:33  Probe  
  19  1:37  Assimilator  
  20  1:44  Gateway  
  20  1:47  Gateway  
  20  1:50  Warp Gate (Chrono Boost)  
  20  1:53  Probe  
  21  2:05  Gateway  
  21  2:08  Probe  
  22  2:24  Zealot  
  24  2:34  Zealot  
  26  2:43  Stalker  
  28  2:46  Pylon  
  28  3:11  Pylon  
  28  3:23  Stalker x4  
  36  3:37  Pylon  
  36  4:07  Stalker x4  
  38  4:41  Stalker x3  
  38  4:42  Stalker  
Tags
 
Add a new tag
Caveats
  • Supply blocks, unpowered buildings, or Contaminate may cause inaccurate times.
  • Supply counts are checked every 10 seconds.